 Dungeon Sprint DCSS version 0.29.1-2-gbd0b4ee654 (webtiles) character file.

Game seed: 7477245699038448859

2963 boopmooplesden the Warrior (level 9, 0/97 HPs)
             Began as a Minotaur Berserker on Nov 30, 2022.
             Was a Priest of Trog.
             Slain by Sonja
             ... wielding a +0 dagger of venom
              (4 damage)
             ... in the Dungeon (Sprint I: "Red Sonja").
             The game lasted 00:02:37 (1271 turns).

boopmooplesden the Warrior (Minotaur Berserker)     Turns: 1271, Time: 00:02:38

Health: 0/97       AC: 15    Str: 26    XL:     9   Next: 52%
Magic:  8/8        EV: 14    Int:  2    God:    Trog [***...]
Gold:   112        SH:  0    Dex: 20    Spells: 8/8 levels left

rFire   . . .      SeeInvis .   a - +0 spear
rCold   . . .      Faith    .   (no shield)
rNeg    . . .      Spirit   .   j - +4 ring mail
rPois   .          Reflect  .   (helmet restricted)
rElec   .          Harm     .   m - +0 cloak
rCorr   .          Rampage  +   l - +1 pair of gloves of Mental Paralysis {Rampage Int-2 Dex+10}
Will    ++...      NoTele   +   (no boots)
Stlth   ++........              (no amulet)
HPRegen 1.26/turn               (no ring)
MPRegen 0.11/turn               (no ring)

@: lethally poisoned (0 -> -25), grasped by roots, strong-willed, on berserk
cooldown, regenerating, slowed, constricted, very slow
A: horns 2, retaliatory headbutt
a: Renounce Religion, Berserk, Trog's Hand


You were in the Dungeon.
You worshipped Trog.
Trog was most pleased with you.
You visited 1 branch You collected 489 gold pieces.
You spent 377 gold pieces at shops.

Inventory:

Hand Weapons
 a - a +0 spear (weapon)
 i - a +2 dagger of venom
Armour
 b - a +0 animal skin
 h - the +1 leather armour of the Armoured One {+Inv rCorr Str+3}
   (You found it in the Dungeon)

   Str:       It affects your strength (+3).
   +Inv:      It lets you turn invisible.
   rCorr:     It protects you from acid and corrosion.
 j - a +4 ring mail (worn)
 l - the +1 pair of gloves of Mental Paralysis (worn) {Rampage Int-2 Dex+10}
   (You bought it in a shop in the Dungeon)

   Int:       It affects your intelligence (-2).
   Dex:       It affects your dexterity (+10).
   Rampage:   It bestows one free step when moving towards enemies.
 m - a +0 cloak (worn)
Wands
 c - a wand of polymorph (5)
Scrolls
 n - a scroll of torment {unknown}
Potions
 e - a potion of haste
 f - 2 potions of magic
 g - a potion of berserk rage
 k - a potion of resistance {unknown}


   Skills:
 + Level 15.3 Fighting
 + Level 14.7 Polearms
 + Level 11.7 Armour
 + Level 8.9 Dodging
 + Level 4.0 Stealth
 + Level 4.1 Unarmed Combat


You had 8 spell levels left.
You didn't know any spells.
Your spell library was empty.

Dungeon Overview and Level Annotations

Branches:
Dungeon (1/1)

Altars:
Cheibriados
Dithmenos
Elyvilon
Fedhas
Gozag
Hepliaklqana
Kikubaaqudgha
Makhleb
Nemelex Xobeh
Okawaru
Qazlal
Ru
Sif Muna
Trog
Uskayaw
Vehumet
Wu Jian
Xom
Yredelemnul
Zin
The Shining One
Jiyva
Lugonu

Shops:
D [

Annotations:
D Sonja


Innate Abilities, Weirdness & Mutations

You have a pair of horns on your head.
You reflexively headbutt those who attack you in melee.


Message History

Sonja is severely wounded.
You feel very sick. Sonja closely misses you. You furiously retaliate!
You headbutt Sonja! Sonja completely misses you.
Sonja hits you but does no damage.
You are more poisoned.
The grasping roots constrict your black bear!
Your black bear dies!
Your black bear's corpse disappears in a puff of smoke!
The grasping roots constrict you.
You miss Sonja. Your headbutt misses Sonja.
Sonja is almost dead.
You feel very sick. Sonja hits you but does no damage.
You are more poisoned.
Sonja closely misses you. Sonja hits you but does no damage.
You are lethally poisoned!
The grasping roots constrict you.
* * * LOW HITPOINT WARNING * * *
The grasping roots release their grip on you.
You hit Sonja but do no damage.
Sonja is almost dead.
* * * LOW HITPOINT WARNING * * *
You feel extremely sick. Sonja hits you but does no damage. x2
You are more poisoned.
Sonja hits you but does no damage.
You are more poisoned.
You closely miss Sonja.
Sonja is almost dead.
* * * LOW HITPOINT WARNING * * *
You feel extremely sick.
Sonja zaps a wand.
The roots erupt in riotous growth!
The grasping roots grab you!
Sonja is unaffected.
The grasping roots constrict you.
You miss Sonja. You headbutt Sonja, but do no damage.
Sonja is almost dead.
* * * LOW HITPOINT WARNING * * *
You feel extremely sick.
Sonja hits you with a +0 dagger of venom.
You die...

#..'÷.#..').#..'..'..#)..#
#..#####'#####'#__####...+
#..####..#...#.####§.#####
#..#__####..##[#§§~§§#
#..#_____##'#_.'§~§§§+
#⌠⌠#_.∩...÷..._#§§§§)#
####_..__##_.#'##§####
#_____###+#)#.((.#
#########@####§###
+K.$'...$$+ #$.$#######
##.## #+#


You could see Sonja.

Vanquished Creatures
  2 centaur warriors (D)
  A deep troll (D)
  2 kobold demonologists (D)
  A slime creature (D)
  Sigmund (D)
  A yak (D)
  A floating eye (D)
  An ogre (D)
  A jelly (D)
  Ijyb (D)
12 creatures vanquished.

Notes
Turn   | Place    | Note
-------+----------+-------------------------------------------
     0 | D        | boopmooplesden the Minotaur Berserker began the quest for
                  | the Orb.
     0 | D        | Reached XP level 1. HP: 19/19 MP: 0/0
     1 | D        | Noticed Ijyb
    20 | D        | Killed Ijyb
    21 | D        | Reached skill level 5 in Fighting
    21 | D        | Reached skill level 5 in Polearms
    21 | D        | Reached XP level 2. HP: 25/29 MP: 1/1
   328 | D        | Noticed an ogre
   332 | D        | Killed an ogre
   333 | D        | Reached skill level 7 in Fighting
   333 | D        | Reached skill level 1 in Stealth
   333 | D        | Reached skill level 1 in Unarmed Combat
   333 | D        | Reached XP level 3. HP: 40/40 MP: 2/2
   333 | D        | Reached XP level 4. HP: 48/48 MP: 3/3
   479 | D        | Noticed Sigmund
   496 | D        | Killed Sigmund
   496 | D        | Reached ** piety under Trog
   497 | D        | Reached skill level 9 in Fighting
   497 | D        | Reached skill level 5 in Armour
   497 | D        | Reached XP level 5. HP: 23/58 MP: 4/4
   497 | D        | Reached XP level 6. HP: 27/66 MP: 5/5
   805 | D        | Found a shimmering blue altar of Sif Muna.
   806 | D        | Found an ornate altar of the Wu Jian Council.
   807 | D        | Found a radiant altar of Vehumet.
   812 | D        | Reached skill level 10 in Fighting
   812 | D        | Reached skill level 5 in Dodging
   818 | D        | Found a burning altar of Makhleb.
   818 | D        | Found a viscous altar of Jiyva.
   818 | D        | Found a shimmering altar of Xom.
   818 | D        | Found a corrupted altar of Lugonu.
   818 | D        | Noticed a slime creature
   823 | D        | Killed a slime creature
   824 | D        | Reached skill level 11 in Fighting
   824 | D        | Reached skill level 10 in Polearms
   883 | D        | Noticed a kobold demonologist
   884 | D        | Noticed a floating eye
   885 | D        | Noticed a kobold demonologist
   891 | D        | Killed a floating eye
   892 | D        | Reached XP level 7. HP: 74/74 MP: 6/6
   895 | D        | Killed a kobold demonologist
   895 | D        | Reached *** piety under Trog
   896 | D        | Reached skill level 12 in Fighting
   897 | D        | Noticed an orange demon
   900 | D        | Killed a kobold demonologist
   901 | D        | Reached skill level 13 in Fighting
   901 | D        | Reached XP level 8. HP: 86/86 MP: 7/7
   938 | D        | Found Zysarph's Antique Armour Emporium.
   938 | D        | Found an ancient bone altar of Kikubaaqudgha.
   938 | D        | Found a hazy altar of Hepliaklqana.
   938 | D        | Found a hide-covered altar of Uskayaw.
   938 | D        | Found a basalt altar of Yredelemnul.
   938 | D        | Found an opulent altar of Gozag.
   938 | D        | Found a snail-covered altar of Cheibriados.
   938 | D        | Found a sacrificial altar of Ru.
   938 | D        | Found a shadowy altar of Dithmenos.
   947 | D        | Found a stormy altar of Qazlal.
   947 | D        | Found a blossoming altar of Fedhas.
   947 | D        | Found a bloodstained altar of Trog.
   947 | D        | Found an iron altar of Okawaru.
   947 | D        | Found a glowing golden altar of the Shining One.
   947 | D        | Found a glowing silver altar of Zin.
   947 | D        | Found a white marble altar of Elyvilon.
   948 | D        | Found a sparkling altar of Nemelex Xobeh.
   952 | D        | Bought a pair of faintly humming gloves for 256 gold pieces
   952 | D        | Identified the +1 pair of gloves of Mental Paralysis
                  | {Rampage Int-2 Dex+10} (You bought it in a shop in the
                  | Dungeon)
   952 | D        | Bought a cloak for 121 gold pieces
   971 | D        | Noticed a centaur warrior
   971 | D        | Noticed a centaur warrior
   982 | D        | Killed a centaur warrior
   982 | D        | Reached **** piety under Trog
   983 | D        | Reached skill level 14 in Fighting
   983 | D        | Reached skill level 10 in Armour
   986 | D        | Killed a centaur warrior
   987 | D        | Reached XP level 9. HP: 82/96 MP: 8/8
  1235 | D        | Identified the +1 leather armour of the Armoured One {+Inv
                  | rCorr Str+3}
  1242 | D        | Noticed a deep troll
  1247 | D        | Killed a deep troll
  1248 | D        | Reached skill level 15 in Fighting
  1253 | D        | Noticed Sonja
  1271 | D        | HP: 4/97 [poisoned by Sonja]
  1271 | D        | Slain by Sonja

Illustrated notes

Levels and vault maps discovered:
D:        dungeon_sprint_1 [red_sonja_temple_1, red_sonja_temple_small_1]

Skill      XL: |  1  2  3  4  5  6  7  8  9 |
---------------+----------------------------+-----
Fighting       | 5 7 9 11 13 14 15 | 15.3
Polearms       | 5 7 9 11 12 14 | 14.7
Armour         | 3 4 5 7 9 11 | 11.7
Dodging        | 3 4 5 6 8 |  8.9
Stealth        | 1 2 3 4 |  4.0
Unarmed Combat | 1 2 3 4 |  4.1

Action                   |  1- 3 |  4- 6 |  7- 9 || total
-------------------------+-------+-------+-------++-------
Melee: Unarmed           |     9 |       |       ||     9
       Spear             |     5 |    27 |    40 ||    72
       Headbutt          |       |     3 |    13 ||    16
       Punch             |       |       |     1 ||     1
Invok: Berserk           |     2 |     3 |     2 ||     7
       Trog's Hand       |       |       |     1 ||     1
       Brothers in Arms  |       |       |     1 ||     1
  Use: Potion            |     1 |       |     1 ||     2
       Scroll            |       |       |     1 ||     1
 Stab: Confused          |     1 |       |       ||     1
Armor: Ring mail         |       |       |    31 ||    31
Dodge: Dodged            |     6 |     5 |    30 ||    41
